 Dungeon Crawl Stone Soup version 0.26-a0-489-g112e8ad46e (webtiles) character file.

Game seed: 402713684884284855

142 Gobser the Skirmisher (level 5, -11/42 HPs)
             Began as a Demonspawn Fighter on Aug 3, 2020.
             Was a Plaything of Xom.
             Killed by nerve-wracking pain
             ... invoked by an orc priest
              (13 damage)
             ... on level 3 of the Dungeon.
             The game lasted 00:11:29 (2034 turns).

Gobser the Skirmisher (Demonspawn Fighter)          Turns: 2034, Time: 00:11:31

Health: -11/42     AC:  8    Str: 16 (17) XL:     5   Next: 3%
Magic:  5/5        EV:  7    Int:  9 (10) God:    Xom [..*...]
Gold:   145        SH:  8    Dex: 10 (12) Spells: 4/4 levels left

rFire    . . .     SeeInvis .   a - +0 flail
rCold    . . .     Faith    .   c - +0 kite shield
rNeg     . . .     Spirit   .   b - +0 scale mail
rPois    .         Reflect  .   (helmet restricted)
rElec    .         Harm     .   k - +0 cloak
rCorr    .                      (no gloves)
MR       .....                  (no boots)
Stlth    +.........             (no amulet)
HPRegen  0.14/turn              h - ring of stealth
MPRegen  0.09/turn              o - ring of flight

@: mighty, brilliant
A: antennae 1, claws 1
a: Renounce Religion, Evoke Flight


You were on level 3 of the Dungeon.
You worshipped Xom.
You were a toy of Xom.
You visited 1 branch of the dungeon, and saw 3 of its levels.

You collected 145 gold pieces.

Inventory:

Hand Weapons
 a - a +0 flail (weapon)
Missiles
 f - 8 javelins (quivered)
 m - 8 boomerangs
Armour
 b - a +0 scale mail (worn)
 c - a +0 kite shield (worn)
 k - a +0 cloak (worn)
 l - a +0 kite shield
Jewellery
 h - a ring of stealth (left claw)
 o - a ring of flight (right claw)
 q - a cursed ring of attention {unknown}
Scrolls
 i - 2 scrolls of noise
 j - 5 scrolls of teleportation
Potions
 e - a potion of ambrosia
 g - a potion of flight


   Skills:
 + Level 3.7 Fighting
 + Level 2.7 Maces & Flails
 + Level 0.2 Throwing
 + Level 3.3 Armour
 + Level 0.6 Dodging
 + Level 3.5 Shields


You had 4 spell levels left.
You didn't know any spells.
Your spell library was empty.

Dungeon Overview and Level Annotations

Branches:
Dungeon (3/15)

Altars:
Ashenzari
Hepliaklqana
Qazlal
Xom


Innate Abilities, Weirdness & Mutations

You have a pair of small antennae on your head.
You have sharp fingernails.


Message History

Your scale mail prevents you from hitting the orc.
You block the orc's attack.
You sock the orc!
You kill the orc!
You barely miss the orc priest.
The orc priest calls down the wrath of Beogh upon you.
Pain shoots through your body!
* * * LOW HITPOINT WARNING * * *
You block the orc priest's attack.
You sock the orc priest!
The orc priest is severely wounded.
The orc priest hits you.
* * * LOW HITPOINT WARNING * * *
You barely miss the orc priest.
The orc priest is severely wounded.
You block the orc priest's attack.
The orc priest mumbles some strange prayers to Beogh against you.
Pain shoots through your body!
You die...
Xom chortles!

......##.....#
#......##.....###..
#..................
#......####(#####..
#..................
...#.......##..
#.......# #.......#
#### ####@####
#....####o#####..
#................
#.........#.####.
#....####'#.#
#...........#
#...........#
#...........# #
##......#!#


You could see an orc priest.

Vanquished Creatures
  5 gnolls
  2 adders (D:2)
  An ooze (D:1)
  2 worms (D:2)
  A dart slug (D:1)
  2 leopard geckos (D:1)
  6 orcs (D:3)
  6 bats
  3 giant cockroaches
  3 hobgoblins
  2 jackals (D:2)
  8 kobolds (D:1)
  3 quokkas
  3 frilled lizards
  6 goblins
  7 rats
60 creatures vanquished.

Notes
Turn   | Place    | Note
-------+----------+-------------------------------------------
     0 | D:1      | Gobser the Demonspawn Fighter began the quest for the Orb.
     0 | D:1      | Reached XP level 1. HP: 18/18 MP: 1/1
   189 | D:1      | Gained mutation: You have a pair of small antennae on your
                  | head. [demonic ancestry]
   189 | D:1      | Reached XP level 2. HP: 24/24 MP: 2/2
   362 | D:1      | Reached XP level 3. HP: 23/29 MP: 3/3
   973 | D:2      | Reached XP level 4. HP: 31/37 MP: 4/4
  1487 | D:2      | Found a hazy altar of Hepliaklqana.
  1487 | D:2      | Found a stormy altar of Qazlal.
  1491 | D:2      | Found a shattered altar of Ashenzari.
  1492 | D:2      | Found a shimmering altar of Xom.
  1501 | D:2      | Became a worshipper of Xom the Less-Predictable
  1705 | D:2      | XOM: divination: magic mapping
  1763 | D:2      | XOM: silly message
  1987 | D:3      | Gained mutation: You have sharp fingernails. [demonic
                  | ancestry]
  1987 | D:3      | Reached XP level 5. HP: 30/42 MP: 5/5
  2032 | D:3      | HP: 2/42 [orc priest/nerve-wracking pain (11)]
  2034 | D:3      | Killed from afar by an orc priest

Illustrated notes

Levels and vault maps discovered:
D:1:      lemuel_arrival_behind_the_door_large, layout_loops_ring
D:2:      layout_loops_ring, minitemple, minmay_fractal_squares_gapless_5
D:3:      layout_basic, nicolae_dithmenos_shadow_blocks,
          chequers_serial_rivers_room_a

Skill      XL: |  1  2  3 |
---------------+----------+-----
Armour         | 3 |  3.3
Shields        | 3 |  3.5
Maces & Flails | 2 |  2.7
Fighting       | |  3.7
Throwing       | |  0.2
Dodging        | |  0.6

Action                   |  1- 3 |  4- 6 || total
-------------------------+-------+-------++-------
Melee: Flail             |   113 |   106 ||   219
Throw: Javelin           |     8 |     3 ||    11
  Use: Potion            |     4 |     3 ||     7
       Scroll            |     3 |     6 ||     9
Armor: Scale mail        |    72 |    57 ||   129
Dodge: Dodged            |    36 |    32 ||    68
Block: Kite shield       |    62 |    76 ||   138

Table legend: (Time is in decaauts)
 A = Elapsed time spent in this place.
 B = Non-inter-level travel time spent in this place.
 C = Inter-level travel time spent in this place.
 D = Time resting spent in this place.
 E = Time spent auto-exploring this place.
 F = Levels seen in this place.
 G = Mean time per level.
                   A        B        C        D        E       F      G
               +--------+--------+--------+--------+--------+-----+--------+
         Total |   2105 |   2105 |      0 |    295 |    411 |   3 |  701.7 |
       Dungeon |   2105 |   2105 |      0 |    295 |    411 |   3 |  701.7 |
               +--------+--------+--------+--------+--------+-----+--------+

Top non-repeatable levels by time:
     D:2: 1094 daAuts
     D:1: 891 daAuts
     D:3: 119 daAuts
